 Dungeon Crawl Stone Soup version 0.18.1-5-g4a78601 (webtiles) character file.

119 RepoMan the Grasshopper (level 5, 0/41 HPs)
             Began as a Ghoul Warper on May 11, 2016.
             Slain by a hobgoblin (5 damage)
             ... on level 3 of the Dungeon.
             The game lasted 00:22:34 (2784 turns).

RepoMan the Grasshopper (Ghoul Warper)              Turns: 2784, Time: 00:22:34

Health: 0/41       AC:  5    Str: 13 (15) XL:     5   Next: 3%
Magic:  5/7        EV: 11    Int:  7 (9)  God:
Gold:   59         SH:  0    Dex:  6 (8)  Spells: 2 memorised, 6 levels left

rFire  . . .     SeeInvis .     a - +0 falchion
rCold  + . .     Gourm    .     b - +0 leather armour
rNeg   + + +     Faith    .     (no shield)
rPois  ∞         Spirit   .     x - +1 helmet
rElec  .         Dismiss  .     (no cloak)
rCorr  +         Reflect  .     (no gloves)
SustAt .         Harm     .     (no boots)
MR     .....                    (no amulet)
Stlth  +.........               w - ring of resist corrosion
                                k - ring of flight

@: rotting, not resistant to hostile enchantments, very unstealthy
A: rotting body, claws 1, carnivore 3, cold resistance 1, negative energy
resistance 3, slow regeneration 1, torment resistance, unbreathing
a: Evoke Flight


You were on level 3 of the Dungeon.
You were not hungry.

You visited 1 branch of the dungeon, and saw 4 of its levels.

You collected 59 gold pieces.

Inventory:

Hand Weapons
 a - a +0 falchion (weapon)
Missiles
 e - 3 tomahawks of dispersal (quivered)
 u - 9 tomahawks
Armour
 b - a +0 leather armour (worn)
 l - a +0 ring mail
 x - a +1 helmet (worn)
Jewellery
 k - a ring of flight (left claw)
 v - a cursed -5 ring of dexterity {unknown}
 w - a ring of resist corrosion (right claw)
Scrolls
 d - a scroll of amnesia
 i - a scroll of noise {unknown}
 m - 2 scrolls of identify
Potions
 h - a potion of invisibility {unknown}
Books
 c - a book of Spatial Translocations

   Spells                             Type                      Level
   a - Apportation                    Translocation                1
   b - Blink                          Translocation                2
   c - Shroud of Golubria             Charms/Translocation         2
   d - Portal Projectile              Translocation                3
   e - Teleport Other                 Translocation                3
   f - Passage of Golubria            Translocation                4
Comestibles
 f - 3 meat rations
 g - a beef jerky


   Skills:
 - Level 2.1 Fighting
 * Level 3.0 Long Blades
 - Level 0.8 Throwing
 + Level 1.4 Armour
 + Level 2.5 Dodging
 * Level 2.5 Spellcasting
 - Level 3.0 Translocations


You had 6 spell levels left.
You knew the following spells:

 Your Spells              Type           Power        Failure   Level  Hunger
a - Apportation           Tloc           #.........   14%         1    ##.....
b - Blink                 Tloc           N/A          21%         2    ###....


Dungeon Overview and Level Annotations

Branches:
Dungeon (4/15)
 Temple: D:4-7

Altars:
Cheibriados
Dithmenos

Annotations:
D:3 krfreak's ghost, amateur MfSk


Innate Abilities, Weirdness & Mutations

Your body is rotting away.
You thrive on raw meat.
You are immune to poison.
You have sharp fingernails.
You are carnivorous and can eat meat at any time.
Your flesh is cold resistant.
You are immune to negative energy.
You regenerate slowly when monsters are visible.
You are immune to unholy pain and torment.
You can survive without breathing.


Message History

There is an open door here.
Eat which item? (? for menu, Esc to quit)
Okay, then.
Throwing (i - inventory. (,) - cycle):
e - 5 tomahawks of dispersal (quivered)
Press: ? - help, Shift-Dir - straight line, f - hobgoblin
Aim: a hobgoblin You throw a tomahawk of dispersal.
The tomahawk of dispersal hits the hobgoblin but does no damage.
Throwing (i - inventory. (,) - cycle):
e - 4 tomahawks of dispersal (quivered)
Press: ? - help, Shift-Dir - straight line, f/p - hobgoblin
Aim: a hobgoblin You throw a tomahawk of dispersal.
The tomahawk of dispersal barely misses the hobgoblin.
You hit the hobgoblin but do no damage. The hobgoblin barely misses you.
Your magical contamination has completely faded away.
You hit the hobgoblin but do no damage. The hobgoblin completely misses you.
You hit the hobgoblin.
The hobgoblin is moderately wounded.
The hobgoblin hits you.
You die...

#.#####......<# ##...## #.#
#.#####.####.....# ###.#
#......>....(....# ##.#.#
#.#...#.####.....##
#....#####.......# ##.....##
##.#.......#...### ##.###.##
#.#.####.###.## ##...###.#
#.#.####.# #.# #.....##.#
#...W..W.# #@# ##...###.#
###.########g## ##.###.## #.#
##...## ##...## #.# ##.....##
###.## #W.# ##.......## ##.#.#
#####...####.........####....#
...........'.........'.......#
##....)...##.........####....#
#.###..#.###.......## ##.#.#


You could see a hobgoblin.

Vanquished Creatures
  Robin (D:2)
  5 adders
  3 worms (D:2)
  A giant gecko (D:2)
  9 bats
  4 giant cockroaches
  6 goblins
  9 hobgoblins
  5 giant newts
  4 kobolds
  7 rats
54 creatures vanquished.

Notes
Turn   | Place    | Note
--------------------------------------------------------------
     0 | D:1      | RepoMan the Ghoul Warper began the quest for the Orb.
     0 | D:1      | Reached XP level 1. HP: 17/17 MP: 2/2
   321 | D:1      | Reached skill level 1 in Armour
   321 | D:1      | Reached XP level 2. HP: 18/24 MP: 3/3
   328 | D:1      | Learned a level 2 spell: Blink
  1203 | D:2      | Reached XP level 3. HP: 17/29 MP: 5/5
  1382 | D:2      | Reached XP level 4. HP: 30/36 MP: 6/6
  1642 | D:2      | Found a shadowy altar of Dithmenos.
  1654 | D:2      | Found a snail-covered altar of Cheibriados.
  1742 | D:2      | Noticed Robin
  2026 | D:2      | Killed Robin
  2412 | D:3      | Noticed krfreak's ghost (amateur MfSk)
  2509 | D:3      | Reached XP level 5. HP: 12/41 MP: 7/7
  2751 | D:4      | HP: 2/41 [scorpion (5)]
  2784 | D:3      | Slain by a hobgoblin

Skill      XL: |  1  2  3  4  5 |
---------------+----------------+-----
Long Blades    | 2 3 |  3.0
Armour         | 1 |  1.4
Spellcasting   | 2 |  2.5
Dodging        | 2 |  2.5
Translocations | 3 |  3.0
Fighting       | |  2.1
Throwing       | |  0.8

Action                   |  1- 3 |  4- 6 || total
-------------------------+-------+-------++-------
Melee: Falchion          |   116 |   140 ||   256
Throw: Tomahawk          |       |     2 ||     2
 Cast: Apportation       |     4 |     3 ||     7
       Blink             |       |     4 ||     4
 Abil: Evoke Flight      |       |     1 ||     1
  Use: Scroll            |       |     9 ||     9
       Potion            |       |     5 ||     5
  Eat: Chunk             |    15 |    11 ||    26
       Royal jelly       |       |     1 ||     1
Armor: Leather armour    |    36 |    46 ||    82
Dodge: Dodged            |    79 |   105 ||   184
